 Dungeon Crawl Stone Soup version 0.23.1 (webtiles) character file.

Game seed: 11121197829785828305

123 myga the Ruffian (level 5, 0/40 HPs)
             Began as a Hill Orc Transmuter on Mar 19, 2019.
             Killed from afar by Ijyb (7 damage)
             ... with a wand of flame (8)
             ... on level 3 of the Dungeon.
             The game lasted 00:13:21 (2249 turns).

myga the Ruffian (Hill Orc Transmuter)              Turns: 2249, Time: 00:13:22

Health: 0/40       AC:  2    Str: 14    XL:     5   Next: 7%
Magic:  5/8        EV: 18    Int: 13    God:
Gold:   71         SH:  0    Dex: 21    Spells: 2/8 levels left

rFire    . . .     SeeInvis .     - Unarmed
rCold    . . .     Gourm    .   (no shield)
rNeg     . . .     Faith    .   e - +0 robe
rPois    .         Spirit   .   (no helmet)
rElec    .         Reflect  .   (no cloak)
rCorr    .         Harm     .   (no gloves)
MR       .....                  (no boots)
Stlth    +++.......             (no amulet)
HPRegen  0.13/turn              f - +5 ring of dexterity
MPRegen  0.11/turn              (no ring)

@: agile, appendage
A: horns 2
a: End Transformation


You were on level 3 of the Dungeon.
You were not hungry.
You had grown temporary horns.
You visited 1 branch of the dungeon, and saw 3 of its levels.

You collected 71 gold pieces.

Inventory:

Missiles
 a - 57 arrows
 k - 72 stones
 o - a steel tomahawk (quivered)
Armour
 e - a +0 robe (worn)
Jewellery
 f - a +5 ring of dexterity (left hand)
Scrolls
 g - a scroll of enchant armour
 h - 4 scrolls of teleportation
 m - 2 scrolls of magic mapping
 n - a scroll of remove curse
Potions
 b - a potion of heal wounds {unknown}
 i - a potion of brilliance {unknown}
Comestibles
 c - a chunk of flesh
 d - 8 rations


   Skills:
 + Level 1.3 Fighting
 + Level 2.1 Dodging
 + Level 0.8 Stealth
 + Level 4.7 Unarmed Combat
 + Level 2.2 Spellcasting
 + Level 1.8 Transmutations


You had 2 spell levels left.
You knew the following spells:

 Your Spells              Type           Power        Failure   Level  Hunger
a - Beastly Appendage     Tmut           #.....       12%         1    ##.....
b - Sticks to Snakes      Tmut           #.......     19%         2    ###....
c - Spider Form           Tmut/Pois      #.........   45%         3    ####...

Your spell library contained the following spells:

 Spells                   Type           Power        Failure   Level  Hunger
 Ice Form                 Ice/Tmut       #.......     86%         4    #####..
 Blade Hands              Tmut           #.........   97%         5    ######.


Dungeon Overview and Level Annotations

Branches:
Dungeon (3/15)

Altars:
Okawaru
Trog

Annotations:
D:3 Ijyb


Innate Abilities, Weirdness & Mutations

You have a pair of horns on your head.


Message History

Your ball python dies!
Ijyb screams, "I cut your head off!"
Throwing (i - inventory. (/) - cycle)
o - 2 steel tomahawks (quivered)
Press: ? - help, Shift-Dir - straight line, f/p - Ijyb
Aim: Ijyb, wielding a +0 club, wearing a cursed +0 leather armour and carrying a wand of flame (9) (moderately wounded)
You throw a steel tomahawk. The steel tomahawk closely misses Ijyb.
Casting: Sticks to Snakes (safe; 19% risk of failure)
Confirm with . or Enter, or press ? or * to list all spells.
You grow a pair of large bovine horns.
Ijyb closely misses you.
You hit Ijyb. Your headbutt misses Ijyb.
Ijyb is moderately wounded.
Ijyb zaps a wand.
The puff of flame hits you!
* * * LOW HITPOINT WARNING * * *
You miss Ijyb.
Ijyb is moderately wounded.
Ijyb misses you.
You feel agile all of a sudden. Ijyb closely misses you.
Ijyb zaps a wand.
The puff of flame hits you!
You die...

.. #.###...........# .
#.. #(.##....#...##.# ..
.#
#..####....######.##.#..#
...##....#).### #.#.....#
#....##.(..## ##.<.#
#.._..#.#...# #...##
#.......###.######..##
#...#....##.g.##....# #.
#.....@......##..#
#(....####.#.###..#
.(.....# #....# #.#
#......#####...# ..#
#.....##....#..# #[#
......##.##....## ...
...... ##....# #.##
...... ###..### #..#
#....###...


You could see Ijyb.

Vanquished Creatures
  6 adders
  A gnoll (D:1)
  A worm (D:2)
  2 orcs (D:3)
  2 giant cockroaches
  9 hobgoblins
  5 jackals
  2 ball pythons
  6 bats
  5 frilled lizards
  8 goblins
  4 kobolds
  3 rats
54 creatures vanquished.

Notes
Turn   | Place    | Note
-------+----------+-------------------------------------------
     0 | D:1      | myga the Hill Orc Transmuter began the quest for the Orb.
     0 | D:1      | Reached XP level 1. HP: 16/16 MP: 3/3
    61 | D:1      | Reached XP level 2. HP: 15/23 MP: 2/4
   114 | D:1      | Learned a level 2 spell: Sticks to Snakes
   283 | D:1      | Reached skill level 4 in Unarmed Combat
   283 | D:1      | Reached XP level 3. HP: 24/28 MP: 3/5
   937 | D:1      | Learned a level 3 spell: Spider Form
  1100 | D:2      | Reached XP level 4. HP: 22/35 MP: 7/7
  1120 | D:2      | Found an iron altar of Okawaru.
  1160 | D:2      | HP: 1/35 [poisoned by an adder]
  2042 | D:3      | Reached XP level 5. HP: 23/40 MP: 8/8
  2220 | D:3      | Found a bloodstained altar of Trog.
  2228 | D:3      | Noticed Ijyb
  2249 | D:3      | Killed from afar by Ijyb

Skill      XL: |  1  2  3 |
---------------+----------+-----
Unarmed Combat | 4 |  4.7
Dodging        | 2 |  2.1
Spellcasting   | 2 |  2.2
Fighting       | |  1.3
Stealth        | |  0.8
Transmutations | |  1.8

Action                   |  1- 3 |  4- 6 || total
-------------------------+-------+-------++-------
Melee: Unarmed           |   112 |    65 ||   177
       Headbutt          |     1 |     3 ||     4
       Kick              |     5 |     6 ||    11
       Punch             |       |     1 ||     1
Throw: Tomahawk          |       |     6 ||     6
 Cast: Beastly Appendage |     7 |    10 ||    17
       Sticks to Snakes  |       |     2 ||     2
  Use: Scroll            |     3 |     2 ||     5
       Potion            |       |     1 ||     1
 Stab: Sleeping          |       |     2 ||     2
  Eat: Chunk             |     1 |     4 ||     5
Armor: Robe              |    27 |     8 ||    35
Dodge: Dodged            |    68 |    35 ||   103
